 Dungeon Crawl Stone Soup version 0.28-a0-895-g6e5f11bd55 (webtiles) character file.

Game seed: 2410022303712283946

4861 willcat the Slicer (level 10, 0/91 HPs)
             Began as a Kobold Fighter on Nov 22, 2021.
             Was a Priest of the Shining One.
             Succumbed to a killer bee's poison
             ... on level 8 of the Dungeon.
             The game lasted 00:14:29 (13880 turns).

willcat the Slicer (Kobold Fighter)                Turns: 13880, Time: 00:14:29

Health: 0/91       AC: 25    Str: 18    XL:     10   Next: 78%
Magic:  14/14      EV:  3    Int:  9    God:    the Shining One [***...]
Gold:   388        SH:  6    Dex: 14    Spells: 9/9 levels left

rFire   . . .      SeeInvis .   a - +0 rapier
rCold   . . .      Faith    .   c - +0 buckler
rNeg    + . .      Spirit   .   (armour currently unavailable)
rPois   +          Reflect  .   (helmet currently unavailable)
rElec   .          Harm     .   (cloak currently unavailable)
rCorr   .          Rampage  .   (gloves currently unavailable)
Will    .....      NoTele   +   (boots currently unavailable)
Stlth   +.........              p - amulet of the acrobat
HPRegen 0.25/turn               (no ring)
MPRegen 0.14/turn               (no ring)

@: lethally poisoned (0 -> -2), tree-form, glowing
A: stationary, stasis, torment immunity, boosted hp, small, no large weapons,
nightstalker 3
a: Renounce Religion, Divine Shield, Cleansing Flame


You were on level 8 of the Dungeon.
You worshipped the Shining One.
The Shining One was most pleased with you.
You were a tree.
You visited 2 branches of the dungeon, and saw 10 of its levels.

You collected 388 gold pieces.

Inventory:

Hand Weapons
 a - a +0 rapier (weapon)
Missiles
 v - 27 poisoned darts (quivered)
 z - 3 throwing nets
Armour
 c - a +0 buckler (worn)
 l - a +2 helmet (melded)
 x - a +0 pair of gloves (melded)
 y - a +0 chain mail
 D - a +0 plate armour (melded)
Jewellery
 p - an amulet of the acrobat (around neck)
 q - an amulet of magic regeneration
Wands
 r - a wand of paralysis (6)
 B - a wand of flame (20)
Scrolls
 b - a scroll of blinking {unknown}
 j - a scroll of teleportation
 k - a scroll of identify
 o - 2 scrolls of fog
 s - a scroll of enchant armour
 t - a scroll of immolation
 w - a scroll of vulnerability {unknown}
 A - a scroll of magic mapping {unknown}
Potions
 d - a potion of mutation {unknown}
 e - a potion of cancellation
 f - a potion of degeneration {unknown}
 h - a potion of brilliance {unknown}
 i - a potion of lignification
 m - 3 potions of attraction {unknown}
 n - a potion of ambrosia {unknown}
 u - a potion of flight {unknown}
 C - a potion of might


   Skills:
 + Level 6.9 Fighting
 + Level 8.9 Short Blades
 + Level 5.9 Armour
 + Level 7.6 Dodging
 + Level 6.0 Shields
 + Level 5.9 Invocations


You had 9 spell levels left.
You didn't know any spells.
Your spell library contained the following spells:

 Spells                   Type           Power      Damage    Failure   Level
 Shock                    Conj/Air       0%         1d3       38%         1
 Summon Small Mammal      Summ           0%         N/A       38%         1
 Ensorcelled Hibernation  Hex/Ice        0%         N/A       52%         2
 Call Canine Familiar     Summ           0%         N/A       77%         3
 Summon Guardian Golem    Hex/Summ       0%         N/A       77%         3
 Swiftness                Air            0%         N/A       77%         3
 Airstrike                Air            0%         N/A       99%         4


Dungeon Overview and Level Annotations

Branches:
Dungeon (9/15)             Temple (1/1) D:4
   Lair: D:8-11         Orc: D:9-12

Altars:
Ashenzari
Cheibriados
Dithmenos
Elyvilon
Fedhas
Gozag
Hepliaklqana
Kikubaaqudgha
Makhleb
Nemelex Xobeh
Okawaru
Qazlal
Ru
Sif Muna
Trog
Uskayaw
Vehumet
Wu Jian
Xom
Yredelemnul
Zin
The Shining One

Shops:
D:4 (   D:5 ((

Annotations:
D:7 3 runed translucent doors, Harold; sojurn's ghost, novice DDBe
D:9 2 transporters


Innate Abilities, Weirdness & Mutations

You are a tree.
Your roots penetrate the ground, keeping you stationary.
You cannot be teleported.
You are immune to unholy pain and torment.
Your maximum health is greatly increased.
Your equipment is partially melded.
You are small and have problems with some larger weapons.
You are completely attuned to the shadows.


Message History

A kobold brigand comes into view.
It is wielding a +0 dagger and quivering curare-tipped darts.
A kobold comes into view. It is wielding a +0 dagger.
Unknown command.
A kobold comes into view. It is wielding a +0 club.
The kobold shouts! x2
A kobold comes into view. It is wielding a +0 short sword.
There is an open door here.
Your surroundings seem slightly different.
The kobold hits you with a +0 club.
* * * LOW HITPOINT WARNING * * *
Found a stone staircase leading up.
The kobold throws a stone.
The stone completely misses you.
The kobold throws a stone.
You block the stone.
The kobold throws a stone.
The stone misses you. The killer bee closely misses you.
There is a stone staircase leading up here.
The killer bee stings you.
* * * LOW HITPOINT WARNING * * *
You are poisoned.
The killer bee poisons you! The killer bee stings you.
* * * LOW HITPOINT WARNING * * *
You climb upwards.
* * * LOW HITPOINT WARNING * * *
You feel sick.
There is a stone staircase leading down here.
Really quaff the potion of lignification?
You turn into a tree.
Your +2 helmet melds into your body.
Your +0 pair of gloves melds into your body.
Your +0 plate armour melds into your body.
Your roots penetrate the ground.
You feel sick. The killer bee stings you.
* * * LOW HITPOINT WARNING * * *
The killer bee barely misses you.
You closely miss the killer bee.
The killer bee is lightly wounded.
The Shining One protects you from harm!
The killer bee stings you but does no damage.
Unknown command.
You hit the killer bee but do no damage.
The killer bee is lightly wounded.
You die...

#.# # ##.# #######
#..###########).....
#####)###..........####.
#.........########## #..
#....[....# ##..
#......<.#### ##..#
#......)....########...#
#......♣y##..........#.#
#.>......#######........
#####.#### #..####.##
#######.# ##.## #.##
#.......# ####..### #.##
#.....### ##.......###.##
#.....######........>#..##
#......................###
#.....#####............# #


You could see a killer bee.

Vanquished Creatures
  Pikel (D:6)
  A troll (D:7)
  A wyvern (D:5)
  5 yaks
  A water moccasin (D:7)
  2 ice beasts (D:6)
  2 black bears
  2 sky beasts (D:5)
  4 ogres
  A necrophage (D:7)
  A lemure (D:6)
  2 centaurs
  A phantom (D:5)
  2 kobold brigands
  3 bullfrogs
  2 scorpions
  A water moccasin zombie (D:6)
  A water moccasin skeleton (D:5)
  4 wights
  7 killer bees (D:9)
  A howler monkey (D:5)
  A bullfrog zombie (D:5)
  3 centaur zombies
  5 hounds
  2 jellies (D:5)
  6 orc priests
  A bullfrog skeleton (D:7)
  Jessica (D:3)
  5 iguanas
  3 orc wizards
  A howler monkey zombie (D:7)
  4 gnolls (D:4)
  12 adders
  3 worms
  5 dart slugs
  15 orcs
  8 ball pythons
  3 bats
  9 endoplasms
  6 giant cockroaches
  6 goblins
  4 hobgoblins
  7 jackals
  13 kobolds
  4 quokkas
  2 frilled lizards (D:3)
  3 rats
177 creatures vanquished.

Notes
Turn   | Place    | Note
-------+----------+-------------------------------------------
     0 | D:1      | willcat the Kobold Fighter began the quest for the Orb.
     0 | D:1      | Reached XP level 1. HP: 14/14 MP: 1/1
    37 | D:1      | Found a faded altar of an unknown god.
   277 | D:1      | Prayed at the altar of an unknown god.
   277 | D:1      | Became a worshipper of Elyvilon the Healer
   277 | D:1      | Reached * piety under Elyvilon
   288 | D:1      | Reached XP level 2. HP: 14/19 MP: 2/2
   389 | D:1      | Reached skill level 3 in Short Blades
   435 | D:1      | Reached skill level 1 in Dodging
   775 | D:1      | Reached XP level 3. HP: 17/23 MP: 3/3
  1666 | D:2      | Reached XP level 4. HP: 23/28 MP: 4/4
  1889 | D:2      | Reached ** piety under Elyvilon
  1933 | D:2      | Noticed an ogre
  2603 | D:2      | Reached XP level 5. HP: 32/32 MP: 5/5
  3043 | D:3      | Reached skill level 4 in Short Blades
  3939 | D:3      | Noticed Jessica
  3947 | D:3      | Killed Jessica
  3948 | D:3      | Reached XP level 6. HP: 26/37 MP: 6/6
  3957 | D:3      | Got Jessica's Handbook of Beguiling
  4683 | D:4      | Noticed an ogre
  4746 | D:4      | Reached *** piety under Elyvilon
  5012 | D:4      | Found a burning altar of Makhleb.
  5015 | D:4      | Found Bijuohiw's Antique Weapon Shoppe.
  5277 | D:4      | Found a staircase to the Ecumenical Temple.
  5319 | Temple   | Entered the Ecumenical Temple
  5516 | Temple   | Fell from the grace of Elyvilon
  5516 | Temple   | Became a worshipper of the Shining One
  5516 | Temple   | Reached * piety under the Shining One
  5769 | D:4      | Killed an ogre
  5770 | D:4      | Reached skill level 5 in Short Blades
  5770 | D:4      | Reached XP level 7. HP: 28/41 MP: 7/7
  5965 | D:5      | Entered Level 5 of the Dungeon
  6015 | D:5      | Found Pommier's Antique Weapon Boutique.
  6120 | D:5      | Reached skill level 1 in Invocations
  6401 | D:5      | Reached XP level 8. HP: 20/48 MP: 9/9
  7154 | D:5      | Reached skill level 6 in Short Blades
  7255 | D:5      | Reached ** piety under the Shining One
  7259 | D:5      | Noticed a wyvern
  7274 | D:5      | Killed a wyvern
  7275 | D:5      | Reached skill level 5 in Dodging
  7559 | D:5      | Reached XP level 9. HP: 53/53 MP: 11/11
  7583 | D:5      | Found Ytteptiwn's Weapon Emporium.
  7781 | D:5      | Reached skill level 5 in Fighting
  8563 | D:6      | Reached skill level 7 in Short Blades
  8697 | D:6      | Found a hazy altar of Hepliaklqana.
  9311 | D:6      | Reached skill level 5 in Shields
  9407 | D:6      | Reached skill level 5 in Armour
 10037 | D:7      | Noticed Pikel
 10230 | D:6      | Killed Pikel
 10231 | D:6      | Reached XP level 10. HP: 39/60 MP: 13/13
 10402 | D:7      | Found a runed translucent gate.
 10403 | D:7      | Found a runed translucent gate.
 10404 | D:7      | Found a runed translucent gate.
 10404 | D:7      | Noticed sojurn's ghost (novice DDBe)
 10446 | D:7      | Reached skill level 8 in Short Blades
 10482 | D:7      | Reached skill level 5 in Invocations
 11267 | D:7      | Noticed Harold
 11273 | D:7      | Paralysed by Harold for 2 turns
 11289 | D:7      | Paralysed by Harold for 3 turns
 11664 | D:8      | Found a hide-covered altar of Uskayaw.
 11671 | D:8      | Found an opulent altar of Gozag.
 11675 | D:8      | Found a broken altar of Ashenzari.
 11679 | D:8      | Found a bloodstained altar of Trog.
 11682 | D:8      | Found a stormy altar of Qazlal.
 11685 | D:8      | Found a basalt altar of Yredelemnul.
 11799 | D:8      | Reached *** piety under the Shining One
 12440 | D:8      | HP: 2/61 [yak (6)]
 12467 | D:8      | HP: 2/61 [yak (12)]
 13247 | D:9      | Found a transporter.
 13744 | D:9      | Found a transporter.
 13860 | D:9      | HP: 3/61 [poisoned by a killer bee]
 13862 | D:9      | Noticed a two-headed ogre
 13878 | D:8      | HP: 1/91 [killer bee (4)]
 13879 | D:8      | The Shining One protects you from harm!
 13880 | D:8      | Succumbed to a killer bee's poison

Illustrated notes

Levels and vault maps discovered:
D:1:      onia_arrival_mini_spirals, layout_basic,
          dreamdust_ecumenical_altar_grove, minmay_crystal_water
D:2:      layout_loops_ring, uniq_sigmund
D:3:      layout_basic, kennysheep_jessica_study
D:4:      layout_cave_pods, kennysheep_mini, minmay_temple_entry_overgrown,
          serial_shops, shop_fountains
D:5:      layout_basic, serial_shops, nicolae_shop_bloodbath_and_beyond,
          kennysheep_mini_moat
D:6:      layout_loops_ring, mainiacjoe_overflow_brackets, minivault_24
D:7:      layout_gridville, gammafunk_ghost_split, uniq_pikel, uniq_harold
D:8:      layout_rooms, nicolae_overflow_hallway_of_the_gods
D:9:      gammafunk_steamed_eel, layout_basic, erik_lair_orcish_takeover
Temple:   eino_temple_water

Skill      XL: |  1  2  3  4  5  6  7  8  9 10 |
---------------+-------------------------------+-----
Short Blades   | 3 4 5 6 7 8 |  8.9
Dodging        | 1 2 3 4 5 6 7 |  7.6
Shields        | 3 4 5 6 |  6.0
Armour         | 3 4 5 |  5.9
Invocations    | 1 3 4 5 |  5.9
Fighting       | 4 6 |  6.9

Action                   |  1- 3 |  4- 6 |  7- 9 | 10-12 || total
-------------------------+-------+-------+-------+-------++-------
Melee: Rapier            |    90 |   265 |   323 |   358 ||  1036
Throw: Dart              |       |       |     5 |    13 ||    18
       Throwing net      |       |       |     1 |     1 ||     2
Invok: Purification      |     1 |       |       |       ||     1
       Heal Other        |       |     2 |       |       ||     2
       Divine Shield     |       |       |       |     1 ||     1
Evoke: Wand              |       |       |       |     1 ||     1
  Use: Potion            |       |     2 |     2 |     5 ||     9
       Scroll            |       |     3 |     5 |     1 ||     9
 Stab: Sleeping          |     1 |       |       |       ||     1
Armor: Scale mail        |    23 |    55 |    72 |     6 ||   156
       Plate armour      |       |       |       |    45 ||    45
       Chain mail        |       |       |       |    41 ||    41
       Skin              |       |       |       |    24 ||    24
Dodge: Dodged            |    33 |   147 |   158 |   150 ||   488
Block: Buckler           |    22 |    64 |    52 |   104 ||   242

Table legend: (Time is in decaauts)
 A = Elapsed time spent in this place.
 B = Non-inter-level travel time spent in this place.
 C = Inter-level travel time spent in this place.
 D = Time resting spent in this place.
 E = Time spent auto-exploring this place.
 F = Levels seen in this place.
 G = Mean time per level.
                   A        B        C        D        E       F      G
               +--------+--------+--------+--------+--------+-----+--------+
         Total |  13773 |  13226 |    547 |   2820 |   8244 |  10 | 1377.3 |
       Dungeon |  13559 |  13028 |    531 |   2820 |   8065 |   9 | 1506.6 |
        Temple |    213 |    197 |     16 |      0 |    179 |   1 |  213.0 |
               +--------+--------+--------+--------+--------+-----+--------+

Top non-repeatable levels by time:
     D:5: 2290 daAuts
     D:3: 2182 daAuts
     D:6: 2069 daAuts
     D:4: 1598 daAuts
     D:1: 1506 daAuts
     D:7: 1393 daAuts
     D:8: 1167 daAuts
     D:2: 736 daAuts
     D:9: 615 daAuts
  Temple: 213 daAuts
